 Dungeon Crawl Stone Soup version 0.30-a0-6-g7c9e10e132 (webtiles) character file.

Game seed: 479925991663050944

48 ytrimaz the Trooper (level 3, -2/29 HPs)
             Began as a Demonspawn Monk on Aug 22, 2022.
             Slain by a gnoll
             ... wielding a +0 whip
              (4 damage)
             ... on level 2 of the Dungeon.
             The game lasted 00:02:14 (1316 turns).

ytrimaz the Trooper (Demonspawn Monk)               Turns: 1316, Time: 00:02:15

Health: -2/29      AC:  8    Str: 11    XL:     3   Next: 50%
Magic:  3/3        EV: 13    Int: 13    God:
Gold:   81         SH:  4    Dex: 15    Spells: 0/2 levels left

rFire   . . .      SeeInvis .    a - +0 hand axe
rCold   . . .      Faith    .    (no shield)
rNeg    . . .      Spirit   .    b - +0 robe
rPois   .          Reflect  .    (no helmet)
rElec   .          Harm     .    (no cloak)
rCorr   .          Rampage  .    (no gloves)
Will    .....                    (no boots)
Stlth   ++........               (no amulet)
HPRegen 0.09/turn                i - ring of wizardry
MPRegen 0.08/turn                (no ring)

@: brilliant, sanguine armoured
A: sanguine armour 1, condensation shield
a: no special abilities


You were on level 2 of the Dungeon.
You visited 1 branch of the dungeon, and saw 2 of its levels.

You collected 104 gold pieces.
You spent 23 gold pieces at shops.

Inventory:

Hand Weapons
 a - a +0 hand axe (weapon)
Armour
 b - a +0 robe (worn)
 e - a +0 plate armour
Jewellery
 i - a ring of wizardry (left hand)
Potions
 c - a potion of ambrosia


   Skills:
 + Level 3.5 Fighting
 + Level 3.3 Axes
 - Level 3.0 Dodging
 - Level 1.7 Stealth
 * Level 0.2 Transmutations


You couldn't memorise any spells.
You knew the following spells:

 Your Spells              Type           Power      Damage    Failure   Level
a - Wereblood             Tmut           0%         N/A       17%         2

Your spell library contained the following spells:

 Spells                   Type           Power      Damage    Failure   Level
 Beastly Appendage        Tmut           0%         N/A       12%         1
 Freeze                   Ice            0%         1d3       12%         1
 Necrotise                Necr           0%         1d4       12%         1
 Spider Form              Tmut/Pois      0%         N/A       32%         3
 Frozen Ramparts          Ice            0%         1d1       34%         3
 Vampiric Draining        Necr           0%         2d6       34%         3
 Hailstorm                Conj/Ice       0%         3d3       73%         4
 Agony                    Necr           0%         N/A       96%         5


Dungeon Overview and Level Annotations

Branches:
Dungeon (2/15)

Altars:
Xom

Shops:
D:2 *


Innate Abilities, Weirdness & Mutations

When seriously injured, your blood forms armour. (AC +6)
A meltable shield of frost defends you. (SH +4)


Message History

The gnoll hits you from afar with a +0 spear.
The gnoll hits you with a +0 whip.
Your blood congeals into armour.
The gnoll barely misses you. You block the gnoll's attack.
There is a large open door here.
The kobold throws a stone.
The stone hits you but does no damage.
There is a large open door here.
Okay, then.
You barely miss the gnoll.
You howl as the wereblood boils in your veins!
The gnoll hits you but does no damage. x2
The gnoll hits you from afar with a +0 halberd.
Unknown command.
It was a potion of curing.
You feel better.
Your blood armour dries and flakes away.
The gnoll barely misses you. x2
Unknown command.
You hit the gnoll.
The gnoll is moderately wounded.
The gnoll hits you with a +0 whip.
Your blood congeals into armour.
The gnoll hits you from afar with a +0 halberd.
You hit the gnoll but do no damage.
The gnoll is moderately wounded.
Your primal bloodlust is almost over.
The gnoll hits you with a +0 whip. The gnoll closely misses you.
Unknown command.
Okay, then.
You aren't carrying any scrolls.
It was a potion of brilliance.
You feel clever all of a sudden. The gnoll barely misses you.
The gnoll closely misses you.
You howl as the wereblood boils in your veins!
The gnoll closely misses you. The gnoll attacks as you move away!
The gnoll hits you but does no damage.
Your primal bloodlust has ended.
You open the door. The gnoll misses you.
The gnoll hits you from afar with a +0 halberd!
* * * LOW HITPOINT WARNING * * *
The gnoll attacks as you move away! The gnoll hits you with a +0 whip.
You die...

*,#######..........#..........
*,#.....'..........#..........
****,#.#####..........#..........
,,,,,#.....'..........#(...†.....
###**#######..........#..........
..###########.....#####........#.
...##............## #..........
...##.....g......######..........
..g''......rKggg@'.....†.........
...##............######...(......
...##.........#### ###'##......#
K...#.........#######...........#
....#.........##................#
....#.........##..!.............#
....#.........##...)†...........#
################.......<.....####
# #....$...####.............#***


You could see 3 gnolls, a hobgoblin, a kobold and a rat.

Vanquished Creatures
  3 dart slugs
  A ball python (D:1)
  5 bats
  4 endoplasms
  6 giant cockroaches
  A goblin (D:1)
  4 hobgoblins
  7 frilled lizards
  4 kobolds
  4 rats
39 creatures vanquished.

Notes
Turn   | Place    | Note
-------+----------+-------------------------------------------
     0 | D:1      | ytrimaz the Demonspawn Monk began the quest for the Orb.
     0 | D:1      | Reached XP level 1. HP: 18/18 MP: 1/1
    74 | D:1      | Gained mutation: When seriously injured, your blood forms
                  | armour. (AC +6) [demonic ancestry]
    74 | D:1      | Reached XP level 2. HP: 8/24 MP: 2/2
   824 | D:1      | Gained mutation: A meltable shield of frost defends you.
                  | (SH +4) [demonic ancestry]
   824 | D:1      | Reached XP level 3. HP: 28/29 MP: 3/3
   937 | D:1      | Learned a level 2 spell: Wereblood
   942 | D:1      | You fall into a shaft and drop 1 floor!
  1059 | D:2      | Found Ziypes's Assorted Antiques.
  1071 | D:2      | Bought a scroll labelled VULUNI COQO for 23 gold pieces
  1088 | D:2      | Found a faded altar of an unknown god.
  1119 | D:2      | Found a shimmering altar of Xom.
  1316 | D:2      | Slain by a gnoll

Illustrated notes

Levels and vault maps discovered:
D:1:      wander_arrival_chamber, layout_basic, nrook_uturn,
          kennysheep_small_spiral, chequers_serial_rivers_small_3
D:2:      layout_basic, hellmonk_ecumenical_altar_crossroads, serial_shops,
          shop, basic_altar

Skill      XL: |  1  2 |
---------------+-------+-----
Axes           | 3 |  3.3
Dodging        | 3 |  3.0
Fighting       | |  3.5
Stealth        | |  1.7
Transmutations | |  0.2

Action                   || total
-------------------------++-------
Melee: Hand axe          ||   104
       Punch             ||     1
 Cast: Wereblood         ||     1
  Use: Scroll            ||     6
       Potion            ||     2
 Stab: Sleeping          ||     5
Armor: Robe              ||    33
Dodge: Dodged            ||    87
Block: Other             ||    10

Table legend: (Time is in decaauts)
 A = Elapsed time spent in this place.
 B = Non-inter-level travel time spent in this place.
 C = Inter-level travel time spent in this place.
 D = Time resting spent in this place.
 E = Time spent auto-exploring this place.
 F = Levels seen in this place.
 G = Mean time per level.
                   A        B        C        D        E       F      G
               +--------+--------+--------+--------+--------+-----+--------+
         Total |   1333 |   1333 |      0 |      0 |    966 |   2 |  666.5 |
       Dungeon |   1333 |   1333 |      0 |      0 |    966 |   2 |  666.5 |
               +--------+--------+--------+--------+--------+-----+--------+

Top non-repeatable levels by time:
     D:1: 955 daAuts
     D:2: 378 daAuts
